Warning! The script has encountered some errors when parsing the replay. Please report them to the . » details
0x00, prev: 0x16: 16 02 01 00 7D 46 00 00 C8 C4 00 00 [00] 00 00 00 00 00 00 00 00 00 00 00 00 00 00 00 00 00 00 00 00 00 00 00 00 00
0x00, prev: 0x00: 16 02 01 00 7D 46 00 00 C8 C4 00 00 00 00 00 00 00 00 00 00 00 00 00 00 00 00 00 00 00 00 00 00 00 00 00 00 [00] 00
0x00, prev: 0x04: 16 02 01 00 00 68 00 00 83 B5 05 00 00 00 00 00 00 00 00 00 00 00 00 00 00 00 00 00 00 00 00 00 00 00 00 00 04 [00]
0x00, prev: 0x02: 16 02 01 00 7D 46 00 00 C8 C4 00 00 00 00 00 00 00 00 00 00 00 00 00 00 00 00 00 00 00 00 00 00 00 00 00 00 02 [00]
0x0F, prev: 0x00: 16 02 01 00 17 62 00 00 2D F8 11 00 00 00 00 00 00 00 00 00 00 00 00 00 00 00 00 00 00 00 00 00 00 00 00 00 [0F] 00
0x0C, prev: 0x00: 16 02 01 00 7D 46 00 00 C8 C4 00 00 00 00 00 00 00 00 00 00 00 00 00 00 00 00 00 00 00 00 00 00 00 00 00 00 [0C] 00
0x00, prev: 0x05: 16 02 01 00 A0 47 00 00 E3 F9 00 00 00 00 00 00 00 00 00 00 00 00 00 00 00 00 00 00 00 00 00 00 00 00 00 00 05 [00]
General information
- name: BNet
- type: Ladder team game (AT/RT)
- host: Battle.net
- saver: EurovisionisGG
map: SunrockCove
- players: 6
- length: 96:10
- speed: Fast
- version: 1.23 W3XP
- replay type: Public
» download(387 KB)
Players
team 1 (loser)

»
ap_urinaffe (
red | 21 APM | 2020 actions | 96:08)
5 Death Knight
3 Death Coil
2 Unholy Aura
4 Lich
2 Frost Nova
2 Frost Armor
» actions
| Assign group hotkey | 13 | |
| Basic commands | 3 | |
| Build / train | 100 | |
| Enter build submenu | 40 | |
| Enter hero's abilities submenu | 9 | |
| Give item / drop item | 1 | |
| Remove unit from queue | 3 | |
| Right click | 1042 | |
| Select / deselect | 641 | |
| Select group hotkey | 93 | |
| Use ability | 74 | |
2020 total
» units
| Acolyte | 19 | |
| Ghoul | 5 | |
| Crypt Fiend | 7 | |
| Frost Wyrm | 27 | |
58 total
» upgrades
| Web | 1 | |
| Creature Carapace | 3 | |
| Freezing Breath | 1 | |
| Creature Attack | 3 | |
8 total
» buildings
| Crypt | 1 | |
| Graveyard | 1 | |
| Ziggurat | 17 | |
| Altar of Darkness | 1 | |
| Nerubian Tower | 1 | |
| Tomb of Relics | 1 | |
| Spirit Tower | 15 | |
| Halls of the Dead | 1 | |
| Sacrificial Pit | 1 | |
| Black Citadel | 1 | |
| Necropolis | 3 | |
| Boneyard | 2 | |
45 total
» build order
00:08 Crypt
00:13 Graveyard
00:44 Ziggurat
01:01 Altar of Darkness
01:42 Nerubian Tower
02:05 Tomb of Relics
02:20 Ziggurat
03:37 Spirit Tower
03:44 Halls of the Dead
05:45 Ziggurat
05:57 Ziggurat
06:54 Sacrificial Pit
08:41 Spirit Tower
08:45 Spirit Tower
09:16 Black Citadel
09:51 Ziggurat
10:07 Ziggurat
10:22 Necropolis
10:45 Spirit Tower
11:23 Spirit Tower
11:55 Boneyard
12:01 Ziggurat
12:55 Boneyard
13:00 Spirit Tower
13:51 Ziggurat
14:34 Ziggurat
15:00 Spirit Tower
15:16 Ziggurat
15:36 Spirit Tower
19:10 Ziggurat
19:12 Necropolis
21:53 Necropolis
24:50 Ziggurat
25:41 Ziggurat
26:24 Spirit Tower
26:38 Spirit Tower
27:35 Ziggurat
28:30 Ziggurat
30:58 Spirit Tower
30:59 Spirit Tower
31:33 Ziggurat
32:13 Spirit Tower
38:00 Spirit Tower
53:07 Ziggurat
54:06 Spirit Tower
» items
| Rod of Necromancy | 1 | |
| Dust of Appearance | 1 | |
| Scroll of Town Portal | 1 | |
3 total
FuChNo_BLUZUK (
green | 35 APM | 2823 actions | 80:13)
6 Death Knight
3 Death Coil
2 Unholy Aura
1 Animate Dead
4 Lich
2 Frost Nova
2 Frost Armor
1 Beastmaster
1 Summon Hawk
» actions
| Assign group hotkey | 39 | |
| Build / train | 100 | |
| Enter build submenu | 50 | |
| Enter hero's abilities submenu | 11 | |
| Give item / drop item | 4 | |
| Right click | 1339 | |
| Select / deselect | 560 | |
| Select group hotkey | 600 | |
| Use ability | 120 | |
2823 total
» units
| Acolyte | 16 | |
| Ghoul | 4 | |
| Crypt Fiend | 7 | |
| Gargoyle | 18 | |
| Frost Wyrm | 10 | |
55 total
» upgrades
| Creature Attack | 3 | |
| Creature Carapace | 4 | |
| Web | 1 | |
| Stone Form | 1 | |
| Freezing Breath | 1 | |
10 total
» buildings
| Crypt | 3 | |
| Graveyard | 1 | |
| Ziggurat | 20 | |
| Altar of Darkness | 1 | |
| Nerubian Tower | 8 | |
| Spirit Tower | 7 | |
| Tomb of Relics | 1 | |
| Halls of the Dead | 2 | |
| Black Citadel | 1 | |
| Sacrificial Pit | 1 | |
| Necropolis | 10 | |
| Boneyard | 2 | |
57 total
» build order
00:08 Crypt
00:14 Crypt
00:30 Graveyard
00:43 Ziggurat
01:03 Altar of Darkness
01:32 Ziggurat
01:56 Nerubian Tower
02:32 Spirit Tower
02:49 Tomb of Relics
04:14 Ziggurat
05:47 Halls of the Dead
05:50 Ziggurat
06:14 Crypt
06:54 Spirit Tower
07:51 Spirit Tower
08:40 Ziggurat
08:42 Black Citadel
12:20 Sacrificial Pit
14:51 Ziggurat
15:28 Ziggurat
16:31 Ziggurat
16:33 Ziggurat
17:24 Spirit Tower
17:26 Spirit Tower
17:30 Ziggurat
17:32 Ziggurat
17:54 Necropolis
21:00 Nerubian Tower
21:01 Spirit Tower
21:10 Boneyard
22:24 Boneyard
26:55 Halls of the Dead
31:26 Ziggurat
32:18 Spirit Tower
33:33 Necropolis
53:12 Ziggurat
54:10 Ziggurat
54:45 Ziggurat
55:12 Nerubian Tower
55:43 Nerubian Tower
56:57 Ziggurat
57:09 Ziggurat
57:15 Ziggurat
57:38 Ziggurat
57:48 Ziggurat
57:59 Nerubian Tower
58:01 Nerubian Tower
58:40 Nerubian Tower
58:43 Nerubian Tower
72:38 Necropolis
73:36 Necropolis
74:51 Necropolis
75:32 Necropolis
76:59 Necropolis
77:35 Necropolis
77:55 Necropolis
78:37 Necropolis
» items
| Rod of Necromancy | 1 | |
| Dust of Appearance | 1 | |
| Potion of Healing | 1 | |
3 total
FuChNo_TANGELA (
yellow | 14 APM | 1377 actions | 96:08)
4 Keeper of the Grove
2 Entangling Roots
2 Thorns Aura
1 Priestess of the Moon
1 Scout
» actions
| Assign group hotkey | 31 | |
| Basic commands | 7 | |
| Build / train | 102 | |
| Enter build submenu | 27 | |
| Enter hero's abilities submenu | 5 | |
| Remove unit from queue | 8 | |
| Right click | 428 | |
| Select / deselect | 281 | |
| Select group hotkey | 409 | |
| Use ability | 79 | |
1377 total
» units
| Wisp | 21 | |
| Huntress | 6 | |
| Archer | 8 | |
| Dryad | 4 | |
| Hippogryph | 13 | |
| Chimaera | 18 | |
| Mountain Giant | 1 | |
71 total
» upgrades
| Improved Bows | 1 | |
| Abolish Magic | 1 | |
| Strength of the Wild | 3 | |
| Strength of the Moon | 1 | |
| Reinforced Hides | 2 | |
| Moon Armor | 1 | |
| Ultravision | 1 | |
| Upgrade Moon Glaive | 1 | |
| Marksmanship | 1 | |
| Corrosive Breath | 1 | |
13 total
» buildings
| Altar of Elders | 1 | |
| Moon Well | 12 | |
| Hunter's Hall | 1 | |
| Ancient of War | 2 | |
| Ancient Protector | 2 | |
| Tree of Ages | 1 | |
| Tree of Life | 2 | |
| Ancient of Lore | 1 | |
| Ancient of Wind | 1 | |
| Tree of Eternity | 1 | |
| Ancient of Wonders | 1 | |
| Chimaera Roost | 2 | |
27 total
» build order
00:08 Altar of Elders
00:21 Moon Well
01:38 Hunter's Hall
01:44 Ancient of War
01:48 Ancient of War
03:04 Ancient Protector
03:11 Ancient Protector
03:18 Moon Well
04:22 Moon Well
04:33 Tree of Ages
06:44 Tree of Life
06:59 Ancient of Lore
07:19 Moon Well
09:58 Ancient of Wind
11:01 Moon Well
11:02 Moon Well
11:03 Moon Well
12:48 Moon Well
14:25 Tree of Eternity
19:36 Ancient of Wonders
21:20 Moon Well
21:21 Moon Well
21:58 Chimaera Roost
22:05 Chimaera Roost
25:34 Moon Well
25:34 Moon Well
44:24 Tree of Life
» items
team 2 (winner)
EurovisionisGG (
teal | 45 APM | 4283 actions | 96:09)
6 Archmage
3 Blizzard
3 Brilliance Aura
5 Mountain King
3 Storm Bolt
2 Bash
6 Paladin
3 Holy Light
3 Divine Shield
1 Goblin Alchemist
1 Chemical Rage
» actions
| Assign group hotkey | 73 | |
| Basic commands | 59 | |
| Build / train | 139 | |
| ESC pressed | 10 | |
| Enter build submenu | 75 | |
| Enter hero's abilities submenu | 19 | |
| Give item / drop item | 23 | |
| Right click | 1664 | |
| Select / deselect | 943 | |
| Select group hotkey | 746 | |
| Use ability | 531 | |
4283 total
» units
| Peasant | 17 | |
| Goblin Shredder | 3 | |
| Dragonhawk Rider | 8 | |
| Goblin Zeppelin | 3 | |
| Sorceress | 2 | |
33 total
» upgrades
| Masonry | 3 | |
| Cloud | 2 | |
| Lumber Harvesting | 2 | |
| Armor | 3 | |
| Magic Sentry | 1 | |
| Swords | 4 | |
| Gunpowder | 1 | |
| Sorceress Training | 2 | |
18 total
» buildings
| Altar of Kings | 2 | |
| Farm | 15 | |
| Lumber Mill | 2 | |
| Scout Tower | 104 | |
| Guard Tower | 31 | |
| Arcane Tower | 6 | |
| Keep | 2 | |
| Town Hall | 1 | |
| Castle | 4 | |
| Gryphon Aviary | 5 | |
| Arcane Vault | 2 | |
| Blacksmith | 2 | |
| Arcane Sanctum | 3 | |
179 total
» build order
00:11 Altar of Kings
00:15 Farm
00:20 Lumber Mill
01:06 Farm
01:15 Farm
01:37 Scout Tower
01:38 Scout Tower
02:08 Guard Tower
02:09 Guard Tower
02:10 Guard Tower
02:12 Scout Tower
02:14 Scout Tower
03:02 Arcane Tower
03:09 Guard Tower
03:34 Scout Tower
03:35 Scout Tower
03:36 Scout Tower
03:37 Scout Tower
04:13 Guard Tower
05:11 Keep
05:17 Guard Tower
05:17 Guard Tower
05:46 Town Hall
05:54 Scout Tower
05:55 Scout Tower
05:56 Scout Tower
05:56 Scout Tower
06:30 Guard Tower
06:34 Scout Tower
06:35 Scout Tower
06:36 Scout Tower
06:37 Scout Tower
06:38 Scout Tower
06:43 Guard Tower
06:48 Scout Tower
06:48 Scout Tower
06:49 Scout Tower
06:50 Scout Tower
06:51 Scout Tower
06:52 Scout Tower
08:16 Castle
08:17 Guard Tower
08:27 Farm
08:29 Guard Tower
08:29 Guard Tower
08:38 Guard Tower
08:40 Guard Tower
08:40 Guard Tower
09:03 Guard Tower
09:05 Gryphon Aviary
09:07 Arcane Vault
09:10 Gryphon Aviary
09:50 Blacksmith
10:19 Arcane Sanctum
10:35 Scout Tower
10:36 Scout Tower
10:38 Scout Tower
10:38 Scout Tower
10:39 Scout Tower
10:40 Scout Tower
11:50 Guard Tower
13:02 Farm
13:03 Farm
13:58 Scout Tower
13:59 Scout Tower
14:00 Scout Tower
14:01 Scout Tower
14:02 Scout Tower
14:03 Scout Tower
14:06 Scout Tower
14:39 Guard Tower
14:40 Guard Tower
15:33 Scout Tower
15:34 Scout Tower
15:35 Scout Tower
15:35 Scout Tower
15:38 Scout Tower
15:38 Scout Tower
15:39 Scout Tower
15:40 Scout Tower
16:04 Guard Tower
16:13 Guard Tower
16:21 Scout Tower
16:22 Scout Tower
16:24 Scout Tower
16:25 Scout Tower
17:02 Guard Tower
17:04 Scout Tower
17:05 Scout Tower
17:06 Scout Tower
17:07 Scout Tower
17:07 Scout Tower
17:08 Scout Tower
17:10 Scout Tower
17:11 Scout Tower
17:39 Guard Tower
17:43 Scout Tower
17:43 Scout Tower
17:44 Scout Tower
17:45 Scout Tower
17:46 Scout Tower
17:47 Scout Tower
18:36 Guard Tower
18:40 Scout Tower
18:41 Scout Tower
18:42 Scout Tower
18:42 Scout Tower
18:43 Scout Tower
18:44 Scout Tower
18:46 Scout Tower
18:46 Scout Tower
18:46 Scout Tower
19:38 Guard Tower
20:02 Guard Tower
26:43 Keep
26:48 Blacksmith
27:36 Scout Tower
27:36 Scout Tower
27:37 Scout Tower
27:40 Scout Tower
27:41 Scout Tower
27:42 Scout Tower
27:42 Scout Tower
27:44 Scout Tower
27:58 Farm
28:02 Farm
28:03 Farm
28:09 Farm
28:10 Farm
28:11 Farm
29:07 Guard Tower
30:31 Gryphon Aviary
31:05 Gryphon Aviary
31:08 Gryphon Aviary
31:11 Castle
31:12 Castle
32:39 Scout Tower
32:40 Scout Tower
33:22 Arcane Vault
33:29 Guard Tower
33:32 Scout Tower
33:34 Scout Tower
35:24 Guard Tower
36:56 Scout Tower
36:59 Scout Tower
37:00 Scout Tower
37:02 Scout Tower
37:49 Lumber Mill
39:06 Guard Tower
42:11 Farm
46:15 Farm
46:15 Farm
46:18 Scout Tower
48:01 Guard Tower
51:50 Scout Tower
51:52 Scout Tower
51:57 Scout Tower
51:58 Scout Tower
52:25 Scout Tower
52:26 Scout Tower
52:27 Scout Tower
52:28 Scout Tower
52:32 Arcane Tower
52:57 Arcane Tower
52:59 Scout Tower
52:59 Scout Tower
53:00 Scout Tower
53:01 Scout Tower
53:58 Arcane Tower
54:45 Scout Tower
54:46 Scout Tower
54:47 Scout Tower
54:47 Scout Tower
55:19 Arcane Tower
56:21 Arcane Tower
57:10 Arcane Sanctum
57:16 Arcane Sanctum
84:21 Altar of Kings
» items
| Boots of Speed | 3 | |
| Staff of Teleportation | 3 | |
| Healing Salve | 3 | |
| Lesser Clarity Potion | 2 | |
| Tiny Great Hall | 1 | |
| Staff of Sanctuary | 1 | |
| Scroll of Town Portal | 2 | |
| Orb of Lightning | 3 | |
| Potion of Invisibility | 2 | |
| Potion of Lesser Invulnerability | 1 | |
21 total
nanenenaneneRAE (
pink | 42 APM | 4018 actions | 96:08)
7 Blademaster
3 Wind Walk
3 Critical Strike
1 Bladestorm
2 Shadow Hunter
1 Healing Wave
1 Hex
6 Goblin Alchemist
2 Chemical Rage
3 Healing Spray
1 Transmute
1 Paladin
1 Divine Shield
» actions
| Assign group hotkey | 62 | |
| Basic commands | 91 | |
| Build / train | 174 | |
| Enter build submenu | 66 | |
| Enter hero's abilities submenu | 16 | |
| Give item / drop item | 13 | |
| Right click | 1678 | |
| Select / deselect | 985 | |
| Select group hotkey | 521 | |
| Use ability | 412 | |
4018 total
» units
| Peon | 31 | |
| Goblin Shredder | 2 | |
| Troll Batrider | 64 | |
| Goblin Zeppelin | 2 | |
99 total
» upgrades
| Ranged Weapons | 2 | |
| Armor | 3 | |
| Liquid Fire | 1 | |
| Reinforced Defenses | 1 | |
7 total
» buildings
| Altar of Storms | 3 | |
| Orc Burrow | 11 | |
| War Mill | 3 | |
| Voodoo Lounge | 6 | |
| Watch Tower | 55 | |
| Stronghold | 4 | |
| Great Hall | 4 | |
| Fortress | 5 | |
| Beastiary | 7 | |
98 total
» build order
00:08 Altar of Storms
00:12 Altar of Storms
00:17 Orc Burrow
00:52 War Mill
01:24 Voodoo Lounge
01:30 Voodoo Lounge
02:07 Watch Tower
02:14 Watch Tower
02:56 Orc Burrow
03:25 Watch Tower
03:29 Watch Tower
03:29 Watch Tower
03:31 Watch Tower
03:58 Watch Tower
06:05 Stronghold
06:06 Stronghold
06:10 Orc Burrow
06:11 Orc Burrow
06:12 Orc Burrow
06:52 Great Hall
07:15 Voodoo Lounge
08:27 Fortress
08:50 Beastiary
08:51 Beastiary
08:58 Beastiary
10:02 Great Hall
10:52 Watch Tower
10:52 Watch Tower
10:54 Watch Tower
10:54 Watch Tower
10:55 Watch Tower
10:57 Watch Tower
10:57 Watch Tower
10:58 Watch Tower
10:58 Watch Tower
15:37 Orc Burrow
24:21 Great Hall
24:32 Great Hall
24:36 War Mill
24:40 Watch Tower
24:41 Watch Tower
24:42 Watch Tower
24:43 Watch Tower
24:44 Watch Tower
24:44 Watch Tower
24:45 Watch Tower
24:45 Watch Tower
24:47 Watch Tower
24:48 Watch Tower
24:48 Watch Tower
25:59 Watch Tower
26:00 Watch Tower
26:00 Watch Tower
26:01 Watch Tower
26:02 Watch Tower
26:02 Watch Tower
26:03 Watch Tower
26:03 Watch Tower
26:05 Watch Tower
26:05 Watch Tower
27:59 Stronghold
28:34 Watch Tower
28:35 Watch Tower
29:08 Watch Tower
29:09 Watch Tower
29:10 Watch Tower
29:12 Watch Tower
29:12 Watch Tower
29:14 Watch Tower
29:15 Watch Tower
29:17 Watch Tower
29:18 Watch Tower
29:20 Watch Tower
29:21 Watch Tower
29:23 Watch Tower
29:24 Watch Tower
29:25 Watch Tower
29:26 Watch Tower
30:05 Watch Tower
30:55 Altar of Storms
31:47 Voodoo Lounge
31:53 Voodoo Lounge
32:49 Fortress
32:50 Fortress
32:50 Fortress
32:52 Orc Burrow
32:53 Orc Burrow
38:03 Voodoo Lounge
45:53 Orc Burrow
45:54 Orc Burrow
45:56 Orc Burrow
61:15 War Mill
61:58 Beastiary
61:58 Beastiary
62:00 Beastiary
62:04 Beastiary
» items
| Healing Salve | 1 | |
| Lesser Clarity Potion | 1 | |
| Staff of Teleportation | 3 | |
| Boots of Speed | 3 | |
| Orb of Lightning | 5 | |
| Tiny Great Hall | 1 | |
| Scroll of Town Portal | 8 | |
| Scroll of Speed | 2 | |
| Potion of Healing | 1 | |
| Staff of Sanctuary | 1 | |
| Potion of Lesser Invulnerability | 4 | |
30 total
vrally99 (
purple | 27 APM | 2588 actions | 96:08)
3 Archmage
2 Blizzard
1 Brilliance Aura
1 Paladin
1 Holy Light
2 Mountain King
1 Storm Bolt
1 Bash
» actions
| Assign group hotkey | 36 | |
| Basic commands | 42 | |
| Build / train | 246 | |
| ESC pressed | 20 | |
| Enter build submenu | 122 | |
| Enter hero's abilities submenu | 6 | |
| Give item / drop item | 9 | |
| Remove unit from queue | 35 | |
| Right click | 943 | |
| Select / deselect | 713 | |
| Select group hotkey | 251 | |
| Use ability | 163 | |
2588 total
» units
| Peasant | 18 | |
| Siege Engine | 12 | |
| Goblin Zeppelin | 1 | |
| Sorceress | 3 | |
| Dragonhawk Rider | 8 | |
42 total
» upgrades
| Masonry | 3 | |
| Lumber Harvesting | 2 | |
| Gunpowder | 3 | |
| Magic Sentry | 1 | |
| Barrage | 1 | |
| Armor | 1 | |
| Plating | 1 | |
| Control Magic | 0 | |
| Sorceress Training | 2 | |
| Cloud | 1 | |
15 total
» buildings
| Farm | 21 | |
| Altar of Kings | 2 | |
| Lumber Mill | 2 | |
| Scout Tower | 97 | |
| Arcane Tower | 12 | |
| Guard Tower | 114 | |
| Keep | 6 | |
| Blacksmith | 1 | |
| Castle | 5 | |
| Arcane Sanctum | 3 | |
| Workshop | 3 | |
| Town Hall | 1 | |
| Arcane Vault | 2 | |
| Gryphon Aviary | 1 | |
270 total
» build order
00:07 Farm
00:12 Altar of Kings
00:51 Lumber Mill
01:29 Farm
01:41 Farm
02:29 Scout Tower
02:33 Scout Tower
02:39 Scout Tower
03:25 Arcane Tower
03:41 Guard Tower
03:50 Scout Tower
04:01 Scout Tower
04:04 Scout Tower
04:22 Guard Tower
04:22 Guard Tower
04:33 Scout Tower
04:37 Guard Tower
04:39 Guard Tower
04:39 Guard Tower
04:44 Scout Tower
05:05 Scout Tower
05:13 Guard Tower
05:13 Guard Tower
05:23 Scout Tower
05:26 Guard Tower
05:26 Guard Tower
05:27 Guard Tower
05:27 Guard Tower
05:36 Scout Tower
05:39 Scout Tower
05:41 Scout Tower
05:42 Scout Tower
05:44 Scout Tower
05:48 Scout Tower
05:51 Scout Tower
05:53 Guard Tower
05:53 Guard Tower
05:53 Guard Tower
06:00 Scout Tower
06:09 Guard Tower
06:10 Guard Tower
06:10 Guard Tower
06:23 Scout Tower
06:26 Guard Tower
06:26 Guard Tower
06:34 Scout Tower
06:39 Scout Tower
06:40 Scout Tower
06:41 Guard Tower
06:44 Scout Tower
06:53 Keep
07:04 Guard Tower
07:04 Guard Tower
07:12 Guard Tower
07:13 Guard Tower
07:13 Guard Tower
07:13 Guard Tower
07:20 Guard Tower
07:20 Guard Tower
07:21 Guard Tower
07:21 Guard Tower
07:35 Guard Tower
07:35 Guard Tower
07:35 Guard Tower
07:36 Guard Tower
07:44 Farm
07:49 Farm
08:38 Blacksmith
09:04 Farm
09:24 Castle
09:24 Castle
09:24 Castle
09:25 Castle
10:26 Arcane Sanctum
11:13 Scout Tower
11:20 Scout Tower
11:49 Guard Tower
12:34 Scout Tower
14:00 Guard Tower
14:36 Workshop
14:42 Workshop
15:15 Workshop
16:18 Scout Tower
16:20 Scout Tower
16:46 Scout Tower
17:32 Guard Tower
18:20 Farm
18:22 Farm
18:31 Farm
19:12 Scout Tower
19:17 Scout Tower
19:24 Scout Tower
19:37 Scout Tower
19:42 Guard Tower
19:42 Guard Tower
26:22 Farm
30:42 Town Hall
31:46 Lumber Mill
33:17 Scout Tower
33:27 Scout Tower
33:33 Scout Tower
33:38 Scout Tower
33:42 Scout Tower
33:59 Guard Tower
34:21 Guard Tower
34:46 Guard Tower
34:47 Guard Tower
35:00 Scout Tower
35:12 Guard Tower
35:13 Guard Tower
35:13 Guard Tower
35:40 Scout Tower
35:41 Guard Tower
35:41 Guard Tower
35:42 Guard Tower
36:14 Scout Tower
36:25 Guard Tower
36:49 Guard Tower
36:49 Guard Tower
36:59 Scout Tower
37:08 Scout Tower
37:32 Guard Tower
37:32 Guard Tower
37:37 Farm
37:40 Farm
37:44 Farm
37:52 Farm
37:56 Guard Tower
38:03 Farm
38:05 Farm
38:30 Farm
38:33 Farm
39:02 Farm
39:35 Farm
41:25 Scout Tower
41:45 Scout Tower
41:52 Scout Tower
41:54 Scout Tower
42:00 Guard Tower
42:13 Guard Tower
42:19 Scout Tower
42:21 Scout Tower
42:22 Scout Tower
42:24 Scout Tower
42:27 Scout Tower
42:30 Scout Tower
42:33 Scout Tower
42:37 Scout Tower
42:41 Scout Tower
42:44 Scout Tower
42:46 Scout Tower
42:48 Scout Tower
42:51 Guard Tower
43:13 Guard Tower
43:25 Guard Tower
43:59 Guard Tower
44:03 Scout Tower
44:14 Scout Tower
44:22 Guard Tower
44:22 Guard Tower
44:22 Guard Tower
44:30 Scout Tower
44:32 Scout Tower
44:34 Scout Tower
44:36 Scout Tower
44:38 Guard Tower
44:38 Guard Tower
44:45 Guard Tower
44:45 Guard Tower
45:00 Altar of Kings
45:04 Guard Tower
45:21 Guard Tower
45:30 Scout Tower
45:33 Scout Tower
45:35 Scout Tower
45:39 Scout Tower
45:45 Scout Tower
45:50 Scout Tower
45:51 Scout Tower
45:54 Scout Tower
45:57 Scout Tower
45:59 Scout Tower
46:03 Guard Tower
46:03 Guard Tower
46:38 Guard Tower
46:38 Guard Tower
46:45 Keep
46:46 Keep
46:57 Guard Tower
47:29 Guard Tower
47:31 Guard Tower
47:31 Guard Tower
47:31 Guard Tower
47:49 Scout Tower
47:51 Scout Tower
47:52 Scout Tower
47:54 Scout Tower
47:56 Scout Tower
48:02 Scout Tower
48:07 Guard Tower
48:08 Guard Tower
48:25 Guard Tower
48:25 Guard Tower
48:37 Guard Tower
48:38 Guard Tower
48:38 Guard Tower
49:38 Arcane Vault
49:51 Scout Tower
50:04 Guard Tower
50:15 Arcane Vault
50:50 Scout Tower
50:53 Scout Tower
51:04 Scout Tower
51:07 Scout Tower
51:10 Scout Tower
51:20 Scout Tower
51:28 Castle
51:35 Guard Tower
51:58 Guard Tower
52:01 Guard Tower
52:11 Scout Tower
52:17 Scout Tower
52:29 Guard Tower
52:38 Scout Tower
52:41 Scout Tower
52:43 Scout Tower
52:51 Scout Tower
52:56 Scout Tower
52:58 Scout Tower
53:08 Guard Tower
53:13 Guard Tower
53:21 Arcane Tower
54:23 Arcane Tower
54:58 Arcane Tower
54:58 Arcane Tower
54:58 Arcane Tower
55:31 Arcane Tower
56:38 Arcane Tower
56:38 Arcane Tower
56:38 Arcane Tower
56:39 Arcane Tower
63:43 Arcane Sanctum
66:50 Arcane Sanctum
77:37 Gryphon Aviary
89:36 Farm
95:57 Scout Tower
» items
| Staff of Teleportation | 3 | |
| Staff of Sanctuary | 3 | |
| Scroll of Town Portal | 2 | |
| Mechanical Critter | 1 | |
| Boots of Speed | 2 | |
| Potion of Lesser Invulnerability | 2 | |
13 total
Chat log
(00:02 / Allies) EurovisionisGG: how abotu this
(00:04 / Allies) EurovisionisGG: this is harder imo
(00:30 / Allies) EurovisionisGG: ud ud ne
(00:31 / Allies) nanenenaneneRAE: youre just having a 50s psychology
(00:34 / Allies) nanenenaneneRAE: theres nothing wrong with this map
(00:44 / Allies) EurovisionisGG: even buidling a base normal,ly on this map
(00:45 / Allies) EurovisionisGG: is fucked
(00:49 / Allies) EurovisionisGG: the perch is weak
(00:51 / Allies) EurovisionisGG: there are zepps
(01:01 / Allies) nanenenaneneRAE: there are mines on the poerch
(01:03 / Allies) nanenenaneneRAE: to make up for it
(01:22 / Allies) EurovisionisGG: sean try to actualyl playt his game
(01:26 / Allies) EurovisionisGG: get a hero sometime before tier 2
(01:54 / Allies) EurovisionisGG: tri tav
(01:55 / Allies) EurovisionisGG: for them
(02:21 / Allies) EurovisionisGG: nm
(02:27 / Allies) EurovisionisGG: what is this
(02:28 / Allies) EurovisionisGG: a joke
(02:32 / Allies) EurovisionisGG: *yawn*
(02:45 / Allies) nanenenaneneRAE: no tavern hero
(02:47 / Allies) nanenenaneneRAE: delayed ass hero
(03:18 / Allies) EurovisionisGG: orc shop
(03:51 / Allies) nanenenaneneRAE: seans base
(03:54 / Allies) nanenenaneneRAE: they semlll the noob
(03:56 / Allies) EurovisionisGG: im red health
(04:03 / Allies) EurovisionisGG: u guys do it
(04:09 / Allies) EurovisionisGG: im gonaa expo or w/e
(05:33 / Allies) EurovisionisGG: any spare gold?
(06:58 / Allies) EurovisionisGG: get shreders
(07:46 / Allies) EurovisionisGG: get the shreder
(07:48 / Allies) EurovisionisGG: for melee power
(07:53 / Allies) EurovisionisGG: do t his at once and do not dally
(07:59 / Allies) EurovisionisGG: very well
(08:01 / Allies) EurovisionisGG: my work here is done
(08:32 / Allies) nanenenaneneRAE: outta gold
(09:32 / Allies) nanenenaneneRAE: my expo about to get shit on
(10:45 / Allies) nanenenaneneRAE: alex there a scout sheep in your base
(12:48 / Allies) EurovisionisGG: can u guys straff and help me clear corner?
(13:06 / Allies) EurovisionisGG: at least say no
(13:10 / Allies) EurovisionisGG: take some time otu fo ryour busy schedule
(13:14 / Allies) nanenenaneneRAE: no
(13:17 / Allies) nanenenaneneRAE: bi staff''
(13:20 / Allies) nanenenaneneRAE: 'no
(13:21 / Allies) nanenenaneneRAE: *-*****
(13:49 / Allies) EurovisionisGG: come on
(13:51 / Allies) EurovisionisGG: we need all 3
(13:53 / Allies) EurovisionisGG: not all zero
(14:00 / Allies) nanenenaneneRAE: godl plz
(14:21 / Allies) EurovisionisGG: w/e im trying it with three level 1s
(14:23 / Allies) EurovisionisGG: this is a snore fest
(16:15 / Allies) EurovisionisGG: no afk heros
(16:16 / Allies) nanenenaneneRAE: m,y base gon get owned now
(16:17 / Allies) EurovisionisGG: keep those heros moving
(16:35 / Allies) EurovisionisGG: youre over 50
(16:36 / Allies) EurovisionisGG: without an expo
(17:20 / Allies) nanenenaneneRAE: ;ost all bats as xcp
(17:23 / Allies) nanenenaneneRAE: they went up 5 levels
(17:26 / Allies) nanenenaneneRAE: :***((**((*(**(*((*(**(
(17:27 / Allies) EurovisionisGG: whyd you do that
(17:33 / Allies) nanenenaneneRAE: for FUN
(17:49 / Allies) EurovisionisGG: at least
(17:50 / Allies) EurovisionisGG: buy up
(17:52 / Allies) EurovisionisGG: light orbs
(19:00 / Allies) EurovisionisGG: if you get under 50 ill gold you
(19:31 / Allies) EurovisionisGG: bat those gargs
(19:48 / Allies) EurovisionisGG: can anyone staff me to clear top?
(19:57 / Allies) nanenenaneneRAE: i can
(20:12 / Allies) EurovisionisGG: can anyonaeroa ebrart
(20:15 / Allies) EurovisionisGG: AWHY
(20:17 / Allies) nanenenaneneRAE: gj using bats
(20:18 / Allies) EurovisionisGG: WHY WOULD THEY BE THERE
(20:22 / Allies) nanenenaneneRAE: you did that
(20:23 / Allies) nanenenaneneRAE: remember
(20:26 / Allies) nanenenaneneRAE: you took my number
(20:30 / Allies) nanenenaneneRAE: and tsend them to die
(20:32 / Allies) nanenenaneneRAE: i thought at least
(20:40 / Allies) nanenenaneneRAE: when you try your hardest to kill my units
(20:43 / Allies) nanenenaneneRAE: you would watch them die
(20:51 / Allies) nanenenaneneRAE: at least do them that courtesy
(21:07 / Allies) EurovisionisGG: sean get tanks
(21:11 / Allies) vrally99: what do i do
(21:39 / Allies) EurovisionisGG: seomone tower top
(22:06 / Allies) EurovisionisGG: someone
(22:09 / Allies) EurovisionisGG: buy light orbs
(22:11 / Allies) vrally99: i do it
(22:26 / Allies) EurovisionisGG: god sean is not even in the game
(22:35 / Allies) nanenenaneneRAE: he didnt know how to use the zeppelin
(22:41 / Allies) EurovisionisGG: he isnt movin ghsi heros
(22:42 / Allies) EurovisionisGG: either
(23:19 / Allies) EurovisionisGG: is anyone towering top?
(24:25 / Allies) nanenenaneneRAE: get us the bottom left perch
(24:27 / Allies) nanenenaneneRAE: alsexx
(24:41 / Allies) EurovisionisGG: we need
(24:43 / Allies) EurovisionisGG: light orbs
(24:55 / Allies) nanenenaneneRAE: sorry to say
(24:57 / Allies) nanenenaneneRAE: there will be none
(25:01 / Allies) EurovisionisGG: not even one?
(25:05 / Allies) nanenenaneneRAE: no sir
(25:20 / Allies) EurovisionisGG: no 1 priority now is light orbs
(25:45 / Allies) nanenenaneneRAE: there will be none
(25:48 / Allies) nanenenaneneRAE: get it through your head
(25:54 / Allies) EurovisionisGG: start a enw main
(27:12 / Allies) EurovisionisGG: focus on perches now
(27:47 / Allies) EurovisionisGG: sean
(27:48 / Allies) EurovisionisGG: roudn up your shits
(27:51 / Allies) EurovisionisGG: and get them to bottom right
(27:52 / Allies) EurovisionisGG: safely
(28:21 / Allies) EurovisionisGG: is sean afk?
(28:25 / Allies) EurovisionisGG: should i just go sit at his computer
(28:27 / Allies) vrally99: yea
(28:29 / Allies) nanenenaneneRAE: what do you want him to do
(28:36 / Allies) EurovisionisGG: "round up your shits"
(28:36 / Allies) EurovisionisGG: etc
(28:44 / Allies) nanenenaneneRAE: they are rounded up
(28:45 / Allies) vrally99: they are rounded up
(28:45 / Allies) nanenenaneneRAE: now what
(28:48 / Allies) nanenenaneneRAE: where do you want them?
(28:48 / Allies) EurovisionisGG: bottom right
(28:49 / Allies) vrally99: dumnoob
(29:04 / Allies) EurovisionisGG: tower a lot more
(29:32 / Allies) nanenenaneneRAE: did you kill seans peons?
(29:36 / Allies) EurovisionisGG: no
(30:27 / Allies) nanenenaneneRAE: sean needs gold for a mian at bottom right
(30:49 / Allies) nanenenaneneRAE: we need some hawks or something
(31:34 / Allies) EurovisionisGG: get tier 3
(31:36 / Allies) EurovisionisGG: asap for orc
(32:50 / Allies) EurovisionisGG: tower it up
(32:53 / Allies) EurovisionisGG: why are you over 60 food
(32:54 / Allies) EurovisionisGG: Q_Q
(32:58 / Allies) EurovisionisGG: i gave you shitloads of gold
(32:59 / Allies) EurovisionisGG: for the tax man
(33:07 / Allies) EurovisionisGG: kill tanks
(33:09 / Allies) EurovisionisGG: till 50
(33:12 / Allies) EurovisionisGG: its sadd but it must be done
(34:04 / Allies) EurovisionisGG: at least say no
(34:07 / Allies) EurovisionisGG: when i tell you to kill tanks
(34:08 / Allies) EurovisionisGG: dont just ignore
(34:10 / Allies) nanenenaneneRAE: no
(34:15 / Allies) nanenenaneneRAE: access denied
(34:32 / Allies) EurovisionisGG: making 3 haws now
(34:36 / Allies) EurovisionisGG: gonna send top when they done
(34:55 / Allies) nanenenaneneRAE: these guys are king hackers
(35:03 / Allies) EurovisionisGG: y u say that
(35:12 / Allies) nanenenaneneRAE: i dont need to explain now
(35:14 / Allies) nanenenaneneRAE: assume its true
(35:51 / All) nanenenaneneRAE: NOT IMPRESSING ME AT ALL COWBOY
(36:15 / Allies) EurovisionisGG: tower like our bases
(37:13 / Allies) nanenenaneneRAE: what does that mean "tower like our base":
(37:15 / Allies) nanenenaneneRAE: buy orbs now
(37:16 / Allies) nanenenaneneRAE: if you want
(37:18 / Allies) EurovisionisGG: as many towers
(37:20 / Allies) EurovisionisGG: as are in our bases
(37:22 / Allies) EurovisionisGG: put that many
(37:23 / Allies) EurovisionisGG: btotom right
(37:24 / Allies) nanenenaneneRAE: more towers
(37:25 / Allies) nanenenaneneRAE: plz
(37:26 / Allies) EurovisionisGG: stop microing tanks
(37:28 / Allies) EurovisionisGG: u wont kill wryms with tnaks
(38:22 / Allies) EurovisionisGG: top is a maze
(38:29 / Allies) nanenenaneneRAE: qq in your pants
(38:39 / Allies) EurovisionisGG: if u get 50 food
(38:40 / Allies) EurovisionisGG: ill godl u
(39:14 / Allies) EurovisionisGG: top
(39:16 / Allies) EurovisionisGG: everyoen get left
(40:24 / Allies) EurovisionisGG: kill those bumbluy as stanks
(40:27 / Allies) EurovisionisGG: or at least move some to
(41:16 / Allies) EurovisionisGG: io can staff ur tanks
(41:18 / Allies) EurovisionisGG: in my zepp
(41:19 / Allies) EurovisionisGG: sweet
(41:50 / Allies) EurovisionisGG: tanks dont coutner wyrms
(42:17 / Allies) EurovisionisGG: there 50
(42:59 / Allies) nanenenaneneRAE: make a hu shop up top?
(43:00 / Allies) nanenenaneneRAE: or no room?
(43:07 / Allies) EurovisionisGG: already croweded as shit
(43:43 / Allies) EurovisionisGG: us aw the ping
(43:44 / Allies) EurovisionisGG: tower up
(45:16 / Allies) EurovisionisGG: clear that wood
(45:17 / Allies) EurovisionisGG: if u can
(45:36 / Allies) nanenenaneneRAE: wheres my shredder?
(45:37 / Allies) nanenenaneneRAE: was he slain?
(46:27 / Allies) EurovisionisGG: sean if u can get soem hawks
(46:54 / Allies) EurovisionisGG: b ready
(46:56 / Allies) EurovisionisGG: to staff bottom right
(47:04 / Allies) nanenenaneneRAE: im goint to tp the tanks there
(47:06 / Allies) nanenenaneneRAE: what you think
(47:12 / Allies) EurovisionisGG: k
(47:15 / Allies) vrally99: im gone
(47:51 / Allies) EurovisionisGG: what we need
(47:53 / Allies) EurovisionisGG: is 3 heros
(47:55 / Allies) EurovisionisGG: at each spot
(51:02 / All) EurovisionisGG: n00bs
(51:03 / All) EurovisionisGG: gtf0
(51:34 / All) EurovisionisGG: how many mines did you noobs drain?
(51:36 / All) EurovisionisGG: like 20?
(51:37 / Allies) nanenenaneneRAE: uninvis this shit
(51:39 / Allies) nanenenaneneRAE: by my hero
(51:39 / All) EurovisionisGG: rofl
(51:41 / Allies) nanenenaneneRAE: this shitling
(51:54 / Allies) EurovisionisGG: ill have to make some reveal towers
(52:04 / Allies) nanenenaneneRAE: reveal
(52:04 / Allies) nanenenaneneRAE: plz
(52:05 / Allies) nanenenaneneRAE: fast
(52:06 / Allies) nanenenaneneRAE: plz
(52:07 / Allies) nanenenaneneRAE: fast
(52:10 / Allies) EurovisionisGG: how can i rreveal
(52:11 / Allies) nanenenaneneRAE: awwwww
(52:12 / Allies) nanenenaneneRAE: sad
(52:19 / Allies) nanenenaneneRAE: nevermind
(53:24 / All) EurovisionisGG: i cant believe you lost
(53:27 / All) EurovisionisGG: with 2o gold mines
(53:29 / All) EurovisionisGG: pathetic.
(53:38 / All) EurovisionisGG: i have 11000 gold
(53:42 / All) EurovisionisGG: thats eleven thousand
(53:50 / All) EurovisionisGG: elevento cincuento dollars
(54:22 / Allies) EurovisionisGG: wtf is ur bm doing
(54:28 / Allies) nanenenaneneRAE: it was trapped
(54:30 / Allies) EurovisionisGG: o
(54:30 / Allies) nanenenaneneRAE: now its chopping wood
(54:36 / Allies) EurovisionisGG: i have reveal towers now
(54:37 / Allies) EurovisionisGG: bottom left
(54:48 / Allies) nanenenaneneRAE: sean too
(54:56 / Allies) EurovisionisGG: go kill that potm
(54:57 / Allies) EurovisionisGG: bottom right
(55:06 / Allies) nanenenaneneRAE: find
(55:56 / Allies) EurovisionisGG: nice
(55:58 / Allies) EurovisionisGG: they are turtled
(56:07 / All) EurovisionisGG: yeah it will be really hard to kill that with 30000 gold
(56:09 / All) EurovisionisGG: wekll do our best
(56:10 / All) EurovisionisGG: rofl
(59:52 / All) FuChNo_BLUZUK: have fun
(59:57 / All) EurovisionisGG: i am
(60:08 / All) FuChNo_TANGELA: we'll drop by in 2 hours
(60:12 / All) EurovisionisGG: youre a beaner
(60:14 / All) EurovisionisGG: youll sit there
(60:16 / All) EurovisionisGG: like a nerd
(61:37 / Allies) EurovisionisGG: bm come soak
(61:43 / Allies) EurovisionisGG: need level 6 bm
(61:47 / Allies) nanenenaneneRAE: invis bats
(61:48 / Allies) nanenenaneneRAE: lets
(62:08 / Allies) EurovisionisGG: just the bm
(62:12 / Allies) EurovisionisGG: none of that other trash
(62:15 / Allies) EurovisionisGG: level 6 bm then the rest
(62:30 / Allies) vrally99: nigger
(62:38 / Allies) EurovisionisGG: go bnm
(63:50 / Allies) EurovisionisGG: prolly woudlnt be too risky rto tank the ne base
(64:09 / Allies) nanenenaneneRAE: theyre mostly air
(64:11 / Allies) nanenenaneneRAE: lets jsut do it
(64:15 / Allies) nanenenaneneRAE: he dont need those dumb tanks anyhow
(65:11 / All) EurovisionisGG: u nerds done faking afk yet?
(65:15 / All) EurovisionisGG: gonna try to jack us with chims?
(65:20 / All) vrally99: shit faces
(65:25 / All) EurovisionisGG: [\]312D5
(65:28 / All) FuChNo_BLUZUK: bla bla bla
(65:32 / All) EurovisionisGG: ALOLAEOSIJFILJLIEAA
(65:33 / All) EurovisionisGG: GHES NOT AFK
(65:34 / All) nanenenaneneRAE: yeah
(65:35 / All) EurovisionisGG: WHAT A BEANER
(65:37 / All) nanenenaneneRAE: us and our OWN YOU
(65:39 / All) EurovisionisGG: PARDO BEANER PARDO BEANER
(65:41 / All) nanenenaneneRAE: REFL
(65:43 / All) nanenenaneneRAE: JUST SIT THERE
(65:50 / All) nanenenaneneRAE: AND WATCH US TAKE A NICE LITTLE POOP ON YOUR MAINS
(65:53 / All) nanenenaneneRAE: A NICE LITTLE SHIT
(65:55 / All) nanenenaneneRAE: SMELLY SHITS
(65:57 / All) nanenenaneneRAE: JUST LIKE YOU
(66:02 / All) nanenenaneneRAE: BEAN
(66:36 / All) EurovisionisGG: HEUHAUEHAUEHUAEHUHAUEHEUA
(67:25 / All) FuChNo_BLUZUK: oh yeah you re the best
(67:31 / All) EurovisionisGG: u can leave now
(67:32 / All) FuChNo_BLUZUK: as i said before have fun
(67:33 / All) EurovisionisGG: go play some dota
(67:38 / All) EurovisionisGG: alt QQ
(67:39 / All) nanenenaneneRAE: more fun than you
(67:42 / All) nanenenaneneRAE: at least im doing something
(67:43 / All) EurovisionisGG: or Q S whatever it is in bean version
(67:45 / All) nanenenaneneRAE: youre just sitting htere
(67:47 / All) nanenenaneneRAE: }pretending afk
(67:48 / All) FuChNo_BLUZUK: take your time
(67:51 / All) nanenenaneneRAE: watching me take crap
(67:53 / All) EurovisionisGG: take your time watching
(67:55 / All) EurovisionisGG: 13eaner
(67:57 / All) FuChNo_BLUZUK: we will sit it out
(67:58 / All) nanenenaneneRAE: all over your filthy loittle buildings
(68:06 / All) nanenenaneneRAE: somehow
(68:11 / All) nanenenaneneRAE: you think yoiure better for "sitting it out"
(68:13 / All) EurovisionisGG: noobs mined 20 mines at 99 food
(68:14 / All) nanenenaneneRAE: while we kill your stuff
(68:18 / All) EurovisionisGG: got 200 gold out of it rofl
(68:18 / All) nanenenaneneRAE: what youre doing is just sitting htere
(68:21 / All) nanenenaneneRAE: what im doing
(68:24 / All) nanenenaneneRAE: is reaping the fruits
(68:25 / All) FuChNo_BLUZUK: and?
(68:29 / All) nanenenaneneRAE: of my shit on you fest
(68:30 / All) EurovisionisGG: noooooooooooooooooooooooooooobs
(68:49 / Allies) EurovisionisGG: get invul on bm
(68:52 / Allies) EurovisionisGG: and snipe an aco or something
(68:53 / Allies) EurovisionisGG: for 6
(69:17 / Allies) EurovisionisGG: i can invis
(69:19 / Allies) EurovisionisGG: 24 bats
(69:23 / Allies) EurovisionisGG: 2 groups
(69:34 / Allies) nanenenaneneRAE: tjeres jsut 2...
(69:44 / Allies) nanenenaneneRAE: what should my bm drop
(69:46 / Allies) nanenenaneneRAE: for a invul
(69:52 / Allies) EurovisionisGG: not tp
(69:55 / Allies) EurovisionisGG: rigng maybe
(69:57 / Allies) EurovisionisGG: ew
(69:58 / Allies) EurovisionisGG: 4 armor
(69:59 / Allies) EurovisionisGG: keep ring
(70:04 / Allies) EurovisionisGG: drop staff
(70:47 / Allies) EurovisionisGG: out
(70:51 / Allies) EurovisionisGG: heal up at my pally
(71:10 / All) EurovisionisGG: we have 28000 gold
(71:14 / All) EurovisionisGG: thionk u can weather the storm?
(71:18 / All) FuChNo_BLUZUK: we dont care
(71:23 / Allies) vrally99: i got two spells down here
(71:27 / All) EurovisionisGG: obviously you care a lot
(71:31 / All) EurovisionisGG: or you wouldnt subject yourself
(71:35 / All) EurovisionisGG: to bonus humiliation rounds
(71:38 / All) EurovisionisGG: after being soundly beat
(71:39 / All) EurovisionisGG: wtih 20 mines
(71:45 / Allies) EurovisionisGG: waht are you pining
(72:05 / Allies) EurovisionisGG: bm died?
(72:07 / Allies) nanenenaneneRAE: my bm died
(72:09 / Allies) nanenenaneneRAE: i was careless
(72:20 / Allies) nanenenaneneRAE: literally from full health to 0 in 0.2 seconds
(72:40 / Allies) vrally99: secret agent
(72:41 / Allies) nanenenaneneRAE: we could mass critters and send them in there
(72:58 / Allies) nanenenaneneRAE: i want transmute
(73:11 / Allies) EurovisionisGG: invis bat might be enough to get it
(73:13 / Allies) EurovisionisGG: if u make 24 bats
(73:28 / Allies) EurovisionisGG: why woudl he hide a min
(73:30 / Allies) EurovisionisGG: leave it there
(73:30 / Allies) EurovisionisGG: main
(73:32 / Allies) nanenenaneneRAE: whats that aco up to
(73:33 / Allies) EurovisionisGG: leave it ther efor now
(73:42 / Allies) nanenenaneneRAE: to tp to it?
(73:51 / Allies) EurovisionisGG: to waste a whopping
(73:54 / Allies) EurovisionisGG: 20 extra sseconds
(73:55 / Allies) EurovisionisGG: after he loses
(74:18 / Allies) EurovisionisGG: dont chase that aco
(74:20 / Allies) EurovisionisGG: leave it alone
(74:30 / Allies) EurovisionisGG: i say
(74:31 / Allies) EurovisionisGG: do you hear me
(74:36 / Allies) EurovisionisGG: whats the point
(74:37 / Allies) EurovisionisGG: of that
(74:50 / Allies) vrally99: give me ur items and ill listen
(75:31 / Allies) EurovisionisGG: tell me when to clear out for bats
(75:53 / Allies) nanenenaneneRAE: one full number
(75:53 / All) vrally99: it begins with the dance of the dead...
(75:55 / Allies) nanenenaneneRAE: coming right up
(76:11 / All) vrally99: I AM THE END
(76:18 / Allies) vrally99: NENENENENENENENUH
(76:21 / Allies) EurovisionisGG: invis
(76:22 / Allies) EurovisionisGG: ur aclh
(76:27 / Allies) vrally99: THAT WAS HEVY METAL
(76:31 / Allies) EurovisionisGG: k hes in there
(76:41 / All) vrally99: ARE U AFK
(76:46 / All) FuChNo_BLUZUK: you are gay and probably 15 years old. change your diapers and continue playing this game. you are very good
(76:48 / Allies) vrally99: DIRTY FREANCHIES
(77:00 / Allies) vrally99: THANK YOU
(77:03 / All) EurovisionisGG: change your diaper
(77:05 / All) EurovisionisGG: adn continue faking afk
(77:06 / All) EurovisionisGG: nerd
(77:26 / All) FuChNo_BLUZUK: you are very creative little weener
(77:31 / All) EurovisionisGG: beaner wiener beaner
(77:34 / All) nanenenaneneRAE: well that's something
(77:36 / All) nanenenaneneRAE: you're nothing at all
(77:38 / All) nanenenaneneRAE: just a beaner
(79:20 / Allies) nanenenaneneRAE: soon time for bats again
(79:30 / All) FuChNo_BLUZUK: yeah you are the magician yeah
(79:49 / All) nanenenaneneRAE: is that not a retarded thing to say in mexico?:
(79:51 / All) vrally99: YOUR LIFES WORK DOWN THE DRAIN
(79:58 / All) vrally99: SEE THATY HACKERS
(80:06 / All) FuChNo_BLUZUK: ahahaha
(80:21 / All) EurovisionisGG: 2 ez
(80:22 / All) nanenenaneneRAE: look how long its taking you just to lose a game
(80:29 / All) EurovisionisGG: is it 2 hours yet?
(80:32 / Allies) nanenenaneneRAE: send in the alch
(80:53 / Allies) EurovisionisGG: try to take out
(80:56 / Allies) EurovisionisGG: one thing a time
(80:58 / Allies) EurovisionisGG: like 3 on a wyrm
(81:00 / Allies) EurovisionisGG: then next wyrm
(81:04 / Allies) EurovisionisGG: get they close first too
(82:52 / Allies) nanenenaneneRAE: god whyt cant you invis sappers
(82:53 / Allies) nanenenaneneRAE: gay shit game
(83:16 / All) vrally99: IM TOO FAST
(83:22 / All) vrally99: TOO FURIOUS
(83:25 / Allies) nanenenaneneRAE: 166 xp for next level
(84:14 / Allies) EurovisionisGG: wehre is my altar
(85:03 / Allies) nanenenaneneRAE: last wave of bats
(85:05 / Allies) nanenenaneneRAE: goign to invis
(85:35 / Allies) EurovisionisGG: keep tmuting
(86:11 / All) EurovisionisGG: lol
(86:13 / All) EurovisionisGG: still therE?
(86:22 / Allies) EurovisionisGG: go invulstorm
(86:22 / Allies) nanenenaneneRAE: i could invul storm
(86:25 / Allies) EurovisionisGG: ya
(87:01 / Allies) EurovisionisGG: he has a ward
(87:37 / All) nanenenaneneRAE: drat
(87:45 / All) nanenenaneneRAE: suppose ill have to reach into my deep bag of gold
(87:49 / All) nanenenaneneRAE: and buy several more tps
(87:54 / All) nanenenaneneRAE: and destroy some for fun and keep one
(88:10 / All) vrally99: HELLO
(88:36 / All) nanenenaneneRAE: and all i got for it
(88:39 / All) nanenenaneneRAE: was your crappy hero
(88:39 / Allies) EurovisionisGG: his ward is gone
(91:23 / All) nanenenaneneRAE: HAW HAW HAW HAW
(91:42 / All) EurovisionisGG: HAW HAW HAW
(92:10 / All) FuChNo_TANGELA: did i miss something?
(92:20 / All) EurovisionisGG: yeah you missed your ally desperately tryign to save dk
(92:23 / All) nanenenaneneRAE: no i dont htink so
(92:24 / All) nanenenaneneRAE: i mean
(92:29 / All) nanenenaneneRAE: you were here the whole time
(92:32 / All) nanenenaneneRAE: YOU SHOULD HAVE SEEN IT ALL
(93:01 / All) FuChNo_TANGELA: seriously have too much time
(93:06 / All) EurovisionisGG: u do/
(93:08 / All) nanenenaneneRAE: for what?
(93:09 / All) EurovisionisGG: to sit and lose for 2 hours//
(93:11 / All) nanenenaneneRAE: video games?
(93:11 / All) FuChNo_TANGELA: come over and do my dishes
(93:16 / All) EurovisionisGG: do tehm yourself
(93:19 / All) EurovisionisGG: since your micro blows
(93:27 / All) nanenenaneneRAE: quit playing video games if you dont want to waste time
(93:45 / Allies) EurovisionisGG: kill that last fiend
(93:46 / Allies) EurovisionisGG: s
(94:32 / All) nanenenaneneRAE: you're afk right?
(94:33 / All) nanenenaneneRAE: it should be all the same to you
(94:35 / All) nanenenaneneRAE: better even
(94:41 / All) vrally99: gay fags have been here all day
(95:06 / All) EurovisionisGG: his last nerd is dead
(95:07 / All) EurovisionisGG: time to qq
(95:08 / All) FuChNo_TANGELA: oh no..., they're going in
(95:25 / All) nanenenaneneRAE: going into what
(95:34 / All) nanenenaneneRAE: this toilet has barely any diahrrea left in it
(95:49 / Allies) EurovisionisGG: loo k his towers
(95:54 / All) FuChNo_TANGELA: we're german.. we know how to make a war last
(95:58 / All) EurovisionisGG: youre noobs
(95:59 / All) nanenenaneneRAE: and lose
(96:00 / All) nanenenaneneRAE: AND LOSE
(96:01 / All) EurovisionisGG: you know how to lose wc3
(96:03 / All) nanenenaneneRAE: LOSE FOREVER
(96:06 / All) nanenenaneneRAE: ITS IN YOUR BLOOD